 Dungeon Crawl Stone Soup version 0.31-a0-435-g2c6fae2916 (webtiles) character file.

Game seed: 12736825016358966832

10352 Newt the Markskobold (level 11, -35/64 HPs)
             Began as a Kobold Hunter on Aug 1, 2023.
             Was a Believer of Hepliaklqana.
             Killed from afar by Frances (42 damage)
             ... with an entropic shot
             ... on level 11 of the Dungeon.
             The game lasted 00:09:17 (10593 turns).

Newt the Markskobold (Kobold Hunter)               Turns: 10593, Time: 00:09:18

Health: -35/64     AC: 12    Str:  8    XL:     11   Next: 91%
Magic:  8/11       EV: 25    Int: 11    God:    Hepliaklqana [**....]
Gold:   207        SH:  0    Dex: 27    Spells: 10/10 levels left

rFire   . . .        a - +0 shortbow (heavy)
rCold   . . .        (shield currently unavailable)
rNeg    + + .        B - +0 steam dragon scales
rPois   +            g - +1 helmet
rElec   .            I - +2 cloak {Will+}
rCorr   .            (no gloves)
SInv    .            t - +1 pair of boots
Will    +....        y - amulet of Nihump {rN++ Regen+ Dex-2}
Stlth   ++++         N - ring of poison resistance
HPRegen 1.10/turn    P - +6 ring of dexterity
MPRegen 0.12/turn

%: no passive effects
@: no status effects
A: reduced essence, small, no large weapons, nightstalker 3
a: Renounce Religion, Recall Ancestor, Ancestor Identity


You were on level 11 of the Dungeon.
You worshipped Hepliaklqana.
Hepliaklqana was pleased with you.
You visited 2 branches of the dungeon, and saw 13 of its levels.

You collected 670 gold pieces.
You spent 463 gold pieces at shops.

Inventory:

Hand Weapons
 a - a +0 heavy shortbow (weapon)
Missiles
 Q - a throwing net
Armour
 c - a +0 leather armour
 g - a +1 helmet (worn)
 t - a +1 pair of boots (worn)
 B - +0 steam dragon scales (worn)
 I - a +2 cloak of willpower (worn)
 L - a +1 robe of cold resistance
Jewellery
 f - an amulet of guardian spirit
 y - the amulet of Nihump (around neck) {rN++ Regen+ Dex-2}
   (You found it on level 8 of the Dungeon)

   [amulet of regeneration]

   Dex:       It affects your dexterity (-2).
   rN:        It greatly protects you from negative energy.
   Regen:     It increases your rate of health regeneration.
 C - a ring of magical power
 H - an amulet of the acrobat
 M - a ring of ice
 N - a ring of poison resistance (left hand)
 O - a ring of positive energy
 P - a +6 ring of dexterity (right hand)
 R - a ring of see invisible
Wands
 r - a wand of iceblast (6)
 D - a wand of digging (14)
 F - a wand of flame (7)
 G - a wand of paralysis (4)
Scrolls
 b - a scroll of butterflies
 d - 2 scrolls of amnesia
 i - 4 scrolls of teleportation
 s - 2 scrolls of brand weapon
 v - 2 scrolls of enchant armour
 J - 6 scrolls of identify
 K - a scroll of enchant weapon
Potions
 e - 3 potions of degeneration
 j - 2 potions of attraction
 k - a potion of invisibility
 l - 3 potions of haste
 m - a potion of brilliance
 o - 3 potions of might
 p - a potion of ambrosia
 q - 2 potions of curing
 u - a potion of resistance {unknown}
 x - a potion of cancellation
 z - 2 potions of enlightenment {unknown}
 A - a potion of lignification
 E - 2 potions of magic {unknown}


   Skills:
 + Level 9.7 Fighting
 - Level 18.0 Ranged Weapons
 - Level 10.0 Dodging
 - Level 1.3 Stealth


You had 10 spell levels left.
You didn't know any spells.
Your spell library contained the following spells:

 Spells                   Type           Power      Damage    Failure   Level
 Slow                     Hex            0%         N/A       34%         1
 Sting                    Tmut/Pois      0%         1d3       34%         1
 Poisonous Vapours        Pois/Air       0%         N/A       47%         2
 Call Canine Familiar     Summ           0%         N/A       71%         3
 Confusing Touch          Hex            0%         N/A       71%         3
 Portal Projectile        Hex/Tloc       0%         N/A       71%         3
 Vampiric Draining        Necr           0%         2d6       71%         3
 Cause Fear               Hex            0%         N/A       98%         4
 Leda's Liquefaction      Hex/Erth       0%         N/A       98%         4
 Olgreb's Toxic Radiance  Pois           0%         N/A       98%         4
 Fireball                 Conj/Fire      0%         3d3       100%        5
 Lee's Rapid Deconstruct  Erth           0%         3d4*      100%        5
 Leda's Unmaking          Conj/Erth      0%         9d1       100%        6
 Dragon's Call            Summ           0%         N/A       100%        9


Dungeon Overview and Level Annotations

Branches:
Dungeon (12/15)            Temple (1/1) D:5            Lair (0/5) D:9
    Orc (0/2) D:11

Altars:
Ashenzari
Cheibriados
Dithmenos
Elyvilon
Fedhas
Gozag
Hepliaklqana
Kikubaaqudgha
Makhleb
Nemelex Xobeh
Okawaru
Qazlal
Ru
Sif Muna
Trog
Uskayaw
Vehumet
Wu Jian
Xom
Yredelemnul
Zin
The Shining One

Shops:
D:3 (   D:5 :   D:9 =*(   D:10 [?

Annotations:
D:2 1 runed translucent door, Crazy Yiuf
D:11 Frances
D:12 Nessos


Innate Abilities, Weirdness & Mutations

Your life essence is reduced to manifest your ancestor. (-10% HP)
You are small and have problems with some larger weapons.
You are completely attuned to the shadows.


Message History

Frances completely misses you.
Sextus barely misses Frances.
The sun demon completely misses you.
The rust devil barely misses Sextus.
Frances misses you.
Unknown command.
You feel much better.
Frances is no longer blind.
The sun demon completely misses you. Frances hits you with a +0 long sword.
Sextus hits Frances with a +0 flail!
The rust devil hits Sextus.
The rust devil corrodes Sextus!
Okay, then.
Aiming: Paralyse
Press: ? - help, Shift-Dir - straight line, f/p - Frances
Aim: Frances, wielding a +0 long sword and wearing a +2 chain mail of fire resistance (severely wounded, fast, chance to affect: 1%)
Okay, then.
Unknown command.
You shoot an arrow. The arrow hits Frances!
Frances is severely wounded.
Frances closely misses you. The sun demon misses you.
The rust devil hits Sextus.
Sextus seems to be corroded for longer.
Frances misses you.
The sun demon hits you but does no damage.
Unknown command.
You shoot an arrow. The arrow hits Frances!
Frances is severely wounded.
Sextus hits the rust devil with a +0 flail!
Frances hits you with a +0 long sword!!
* * * LOW HITPOINT WARNING * * *
The sun demon closely misses you.
Sextus blocks the rust devil's attack.
Unknown command.
Select a target.
Press: ? - help, Dir - move target, f/p - Frances
Aim: Frances, wielding a +0 long sword and wearing a +2 chain mail of fire resistance (severely wounded, fast)
A stone staircase leading down, spattered with blood.
Frances swaps with Sextus!
You can no longer swap creatures with your ancestor.
Frances completely misses you. The sun demon completely misses you.
Sextus hits the rust devil with a +0 flail!
Frances chants phrases taken from a devil's mouth.
The entropic shot hits you!!!
Ouch! That really hurt!
You die...

###.## ###.## ####### #..<#
##..(# #.### #..### ########
#)##### ###.###### #.......
.))...# ######.......<# #.....>.
.)....###.............####.......
......#...####...........#.......
......#R### #4@3.....##.'.......
......'.# #.R@.....####.......
......### ########## ########
......# #######


You could see the friendly Sextus the knight (corroded), Frances (fast), a sun
demon (summoned) and a rust devil (summoned, distracted, ally target).

Vanquished Creatures
  Fannar (D:10)
  A boulder beetle (D:11)
  A two-headed ogre (D:9)
  Maurice (D:9)
  2 trolls
  2 hornets (D:9)
  Prince Ribbit (D:6)
  2 wraiths (D:11)
  3 wyverns
  A shadow (D:10)
  2 steam dragons
  14 yaks
  An acid dragon (D:11)
  3 orc warriors
  3 water moccasins (D:6)
  A black bear (D:3)
  An ogre (D:4)
  A centaur (D:7)
  A phantom (D:6)
  A kobold brigand (D:11)
  2 bullfrogs
  4 gnoll sergeants
  4 scorpions
  2 wights (D:8)
  A killer bee (D:10)
  6 howler monkeys (D:11)
  5 hounds
  2 jellies
  4 orc priests
  Jessica (D:2)
  Ijyb (D:5)
  2 iguanas
  7 orc wizards
  Robin (D:2)
  21 gnolls
  9 adders
  A shadow imp (D:8)
  3 worms
  5 dart slugs
  25 orcs
  9 endoplasms
  5 hobgoblins
  14 kobolds
  5 quokkas
  7 ball pythons
  2 frilled lizards
  11 goblins
  6 rats
208 creatures vanquished.

Vanquished Creatures (collateral kills)
  A troll (D:11)
  A wraith (D:10)
  A vampire (D:10)
  A yak (D:9)
  A wight (D:8)
  3 killer bees (D:10)
  2 orc priests
  5 gnolls (D:11)
  2 orcs
17 creatures vanquished.

Vanquished Creatures (others)
  2 ancestors
  2 knights
4 creatures vanquished.

Grand Total: 229 creatures vanquished

Notes
Turn   | Place    | Note
-------+----------+-------------------------------------------
     0 | D:1      | Newt the Kobold Hunter began the quest for the Orb.
     0 | D:1      | Reached XP level 1. HP: 12/12 MP: 1/1
    40 | D:1      | Reached XP level 2. HP: 18/18 MP: 2/2
   194 | D:1      | Found a faded altar of an unknown god.
   282 | D:1      | Reached XP level 3. HP: 23/23 MP: 3/3
   715 | D:2      | You fall into a shaft and drop 1 floor!
   806 | D:3      | Found Soup's Weapon Shoppe.
  1089 | D:2      | Noticed Robin
  1101 | D:2      | Reached XP level 4. HP: 17/30 MP: 2/4
  1103 | D:2      | Killed Robin
  1413 | D:2      | Reached skill level 5 in Fighting
  1578 | D:2      | Noticed Jessica
  1582 | D:2      | Killed Jessica
  1583 | D:2      | Reached skill level 6 in Ranged Weapons
  1583 | D:2      | Reached XP level 5. HP: 32/35 MP: 3/5
  1864 | D:2      | Found a runed translucent door.
  1867 | D:2      | Noticed Crazy Yiuf
  2246 | D:3      | Found a shimmering blue altar of Sif Muna.
  2419 | D:3      | Noticed a black bear
  2423 | D:3      | Killed a black bear
  2424 | D:3      | Reached skill level 7 in Ranged Weapons
  2424 | D:3      | Reached XP level 6. HP: 39/40 MP: 6/6
  2750 | D:4      | Reached skill level 8 in Ranged Weapons
  3106 | D:4      | Found a sacrificial altar of Ru.
  3176 | D:4      | Found a snail-covered altar of Cheibriados.
  3231 | D:4      | Noticed an ogre
  3240 | D:4      | Killed an ogre
  3241 | D:4      | Reached skill level 9 in Ranged Weapons
  3241 | D:4      | Reached XP level 7. HP: 13/44 MP: 3/7
  4040 | D:5      | Entered Level 5 of the Dungeon
  4072 | D:5      | Reached skill level 10 in Ranged Weapons
  4343 | D:5      | Noticed Ijyb
  4345 | D:5      | Killed Ijyb
  4346 | D:5      | Reached XP level 8. HP: 49/49 MP: 8/8
  4393 | D:5      | Found a glowing silver altar of Zin.
  4494 | D:5      | Found Axan's Book Boutique.
  4611 | D:5      | Found a staircase to the Ecumenical Temple.
  4622 | Temple   | Entered the Ecumenical Temple
  4766 | D:5      | Reached skill level 5 in Dodging
  4884 | D:5      | Noticed a wyvern
  4893 | D:5      | Killed a wyvern
  5318 | D:6      | Reached skill level 11 in Ranged Weapons
  5420 | D:6      | Found a glowing golden altar of the Shining One.
  5467 | D:6      | Reached skill level 12 in Ranged Weapons
  5467 | D:6      | Reached XP level 9. HP: 54/54 MP: 9/9
  5512 | D:6      | Noticed Prince Ribbit
  5518 | D:6      | Reached skill level 13 in Ranged Weapons
  5523 | D:6      | Killed Prince Ribbit
  5653 | D:6      | Found a hazy altar of Hepliaklqana.
  5731 | D:6      | Found a bloodstained altar of Trog.
  5746 | D:6      | Became a worshipper of Hepliaklqana the Forgotten
  6146 | D:7      | Reached skill level 14 in Ranged Weapons
  6707 | D:8      | Reached skill level 15 in Ranged Weapons
  6734 | D:8      | Reached XP level 10. HP: 31/60 MP: 5/10
  6845 | D:8      | Identified the amulet of Nihump {rN++ Regen+ Dex-2}
  6870 | D:8      | Reached * piety under Hepliaklqana
  7440 | D:8      | Found a broken altar of Ashenzari.
  7440 | D:8      | Found a shadowy altar of Dithmenos.
  7444 | D:8      | Found a hide-covered altar of Uskayaw.
  7451 | D:8      | Found an ornate altar of the Wu Jian Council.
  7456 | D:8      | Found a sparkling altar of Nemelex Xobeh.
  7459 | D:8      | Found a basalt altar of Yredelemnul.
  7807 | D:9      | Found Xyamurgher's Antique Weapon Boutique.
  7813 | D:9      | Noticed a two-headed ogre
  7820 | D:9      | Reached skill level 16 in Ranged Weapons
  7833 | D:9      | Killed a two-headed ogre
  7838 | D:9      | Reached skill level 17 in Ranged Weapons
  7887 | D:9      | Found an iron altar of Okawaru.
  7909 | D:9      | Found Qokoam Ofioq's Assorted Antiques.
  7914 | D:9      | Bought a gilded ring for 125 gold pieces
  7956 | D:9      | Reached XP level 11. HP: 61/61 MP: 11/11
  7984 | D:9      | Reached skill level 18 in Ranged Weapons
  8032 | D:9      | Found a stormy altar of Qazlal.
  8040 | D:9      | Found a blossoming altar of Fedhas.
  8054 | D:9      | Found Hausch's Jewellery Shop.
  8122 | D:9      | Reached ** piety under Hepliaklqana
  8123 | D:9      | Remembered your ancestor Sextus as a knight
  8183 | D:9      | Paralysed by a hornet for 1 turns
  8282 | D:9      | Found a staircase to the Lair.
  8291 | D:9      | Noticed Maurice
  8295 | D:9      | Paralysed by Maurice for 4 turns
  8312 | D:9      | Killed Maurice
  8607 | D:10     | Entered Level 10 of the Dungeon
  8696 | D:10     | Found Wiqunad's Magic Scroll Shoppe.
  8701 | D:10     | Bought a scroll of enchant weapon for 120 gold pieces
  8701 | D:10     | Bought a scroll of identify for 32 gold pieces
  8701 | D:10     | Bought a scroll of identify for 32 gold pieces
  9034 | D:10     | Found Reenyo's Antique Armour Shoppe.
  9039 | D:10     | Bought a jewelled leather armour for 154 gold pieces
  9039 | D:10     | Identified the +1 leather armour "Horo" {Rampage rF+ rN+++
                  | Slay-4} (You bought it in a shop on level 10 of the
                  | Dungeon)
  9380 | D:10     | Noticed Fannar
  9390 | D:10     | Killed Fannar
  9784 | D:11     | Reached skill level 10 in Dodging
  9803 | D:11     | Found a staircase to the Orcish Mines.
  9803 | D:11     | Noticed a boulder beetle
  9826 | D:11     | Killed a boulder beetle
 10573 | D:12     | Reached *** piety under Hepliaklqana
 10574 | D:12     | Noticed Frances
 10576 | D:12     | Noticed Nessos
 10588 | D:11     | Noticed a sun demon
 10588 | D:11     | HP: 3/64 [Frances/entropic shot (26)]
 10593 | D:11     | Killed from afar by Frances

Illustrated notes

Levels and vault maps discovered:
D:1:      dpeg_arrival_arbitrary_a, layout_rooms,
          dreamdust_ecumenical_altar_statues
D:2:      layout_basic, uniq_robin, uniq_crazy_yiuf_cottage, uniq_jessica
D:3:      layout_loops_cross, lemuel_blue_sif_altar, serial_shops, shop,
          minmay_quantized
D:4:      layout_loops_corners, nicolae_ru_sacrificial_ziggurat,
          lemuel_crystal_altar, serial_bayou_crossing
D:5:      layout_basic, mainiacjoe_overflow_six_doors_small,
          minmay_temple_entry_mist, serial_shops, shop, uniq_ijyb
D:6:      layout_basic, nicolae_tso_carved_into_rock,
          mainiacjoe_overflow_large_starburst, uniq_prince_ribbit1
D:7:      layout_loops_cross
D:8:      layout_basic, minmay_overflow_temple_hex
D:9:      layout_loops_ring, grunt_temple_overflow_forces_of_nature,
          okawaru_gym_becter, david_lair_shrubbed, serial_shops, shop, shop,
          nicolae_diamond_shop, minmay_door_square, uniq_maurice
D:10:     layout_loops_corners, serial_shops, nicolae_shop_hallway_plus, shop,
          minmay_misc_feat_encased, uniq_fannar
D:11:     layout_roguey, orc_0_dummy
D:12:     nzn_winding_woodlands_small [nzn_winding_woodlands_5x15_eye,
          nzn_winding_woodlands_center_pierced_h,
          nzn_winding_woodlands_5x15_sidewinder], layout_grid_maze,
          gauntlet_entry_generic, small_chamber_with_monster,
          minmay_hidden_floor, uniq_frances, uniq_nessos
Temple:   hellmonk_temple_flake

Skill      XL: |  1  2  3  4  5  6  7  8  9 10 11 |
---------------+----------------------------------+-----
Fighting       | 3 4 5 6 8 9 |  9.7
Ranged Weapons | 6 7 9 10 12 15 17 18 | 18.0
Dodging        | 4 6 10 | 10.0
Stealth        | |  1.3

Action                     |  1- 3 |  4- 6 |  7- 9 | 10-12 || total
---------------------------+-------+-------+-------+-------++-------
  Melee: Shortbow          |       |       |       |     3 ||     3
   Fire: Shortbow          |    73 |    97 |   187 |   308 ||   665
 Invoke: Recall Ancestor   |       |       |       |     1 ||     1
         Transference      |       |       |       |     1 ||     1
         Ancestor Life: Kn |       |       |       |     1 ||     1
  Evoke: Wand              |       |       |       |     2 ||     2
    Use: Scroll            |     3 |     7 |     5 |     2 ||    17
         Potion            |       |       |     3 |     5 ||     8
 Armour: Leather armour    |     7 |     7 |    22 |       ||    36
         Steam dragon scal |       |       |       |    24 ||    24
  Dodge: Dodged            |    22 |    14 |    96 |   118 ||   250

Table legend: (Time is in decaauts)
 A = Elapsed time spent in this place.
 B = Non-inter-level travel time spent in this place.
 C = Inter-level travel time spent in this place.
 D = Time resting spent in this place.
 E = Time spent auto-exploring this place.
 F = Levels seen in this place.
 G = Mean time per level.
                   A        B        C        D        E       F      G
               +--------+--------+--------+--------+--------+-----+--------+
         Total |  10700 |  10309 |    391 |    729 |   8310 |  13 |  823.1 |
       Dungeon |  10698 |  10308 |    390 |    729 |   8310 |  12 |  891.5 |
        Temple |      1 |      0 |      1 |      0 |      0 |   1 |    1.0 |
               +--------+--------+--------+--------+--------+-----+--------+

Top non-repeatable levels by time:
     D:2: 1384 daAuts
     D:4: 1361 daAuts
     D:9: 1166 daAuts
     D:5: 1131 daAuts
    D:10: 1092 daAuts
    D:11: 836 daAuts
     D:3: 825 daAuts
     D:8: 820 daAuts
     D:7: 783 daAuts
     D:6: 750 daAuts
     D:1: 539 daAuts
    D:12: 6 daAuts
  Temple: 1 daAuts
